 Dungeon Crawl Stone Soup version 0.20.1-1-g8b1a95d66d (webtiles) character file.

508 FullBlownAIDS the Gouger (level 6, 0/28 HPs)
             Began as a Felid Fighter on Nov 30, 2017.
             Was an Initiate of Gozag.
             Slain by an orc
             ... wielding a +0 mace
              (7 damage)
             ... on level 5 of the Dungeon.
             The game lasted 00:04:39 (5108 turns).

FullBlownAIDS the Gouger (Felid Fighter)            Turns: 5108, Time: 00:04:40

Health: 0/28       AC:  2    Str: 16    XL:     6   Next: 98%
Magic:  7/7        EV: 19    Int:  9    God:    Gozag
Gold:   648        SH:  0    Dex: 17    Spells: 5/5 levels left
                                        Lives:  0   Deaths: 2

rFire    . . .     SeeInvis +     - Unarmed
rCold    . . .     Gourm    .   (shield unavailable)
rNeg     . . .     Faith    .   (armour unavailable)
rPois    .         Spirit   .   (helmet unavailable)
rElec    .         Reflect  .   (cloak unavailable)
rCorr    .         Harm     .   (gloves unavailable)
MR       .....                  (boots unavailable)
Stlth    ++++......             (no amulet)
Regen    0.1/turn               f - +3 ring of strength
MPRegen  0.1/turn               (no ring)

@: quick
A: no armour, no weapons or thrown items, stealth, claws 1, fangs 3, see
invisible, carnivore 3, speed 1, shaggy fur 2, slow metabolism 1, sharp paws
a: Potion Petition, Call Merchant, Bribe Branch, Renounce Religion


You were on level 5 of the Dungeon.
You worshipped Gozag.
Gozag was pleased with you.
You were not hungry.

You visited 1 branch of the dungeon, and saw 5 of its levels.

You collected 648 gold pieces.

Inventory:

Jewellery
 f - a +3 ring of strength (left paw)
 m - an uncursed ring of poison resistance {unknown}
Scrolls
 d - a scroll of enchant armour {unknown}
 e - 3 scrolls of remove curse {unknown}
 h - 6 scrolls of identify {unknown}
 i - a scroll of magic mapping {unknown}
 k - a scroll of random uselessness {unknown}
 l - 3 scrolls of teleportation {unknown}
 o - 2 scrolls of immolation {unknown}
 q - a scroll of fog {unknown}
 r - a scroll of enchant weapon {unknown}
 s - a scroll of fear {unknown}
 v - a scroll of blinking {unknown}
Potions
 a - a potion of might
 c - 3 potions of resistance {unknown}
 g - 4 potions of flight {unknown}
 j - 2 potions of brilliance {unknown}
 n - a potion of haste {unknown}
 p - a potion of degeneration {unknown}
 u - a potion of curing {unknown}
 w - a potion of magic {unknown}
Comestibles
 b - a meat ration
 t - 2 royal jellies


   Skills:
 - Level 3.0 Fighting
 - Level 4.0 Dodging
 + Level 8.0 Stealth
 * Level 9.0 Unarmed Combat


You had 5 spell levels left.
You didn't know any spells.

Dungeon Overview and Level Annotations

Branches:
Dungeon (5/15)
 Temple: D:4-7

Altars:
Gozag
Uskayaw
The Shining One

Shops:
D:5 [


Innate Abilities, Weirdness & Mutations

You cannot wear armour.
You are incapable of wielding weapons or throwing items.
Your paws allow you to move quietly. (Stealth)
You have sharp claws.
You have razor-sharp teeth.
You have supernaturally acute eyesight. (SInv)
You are carnivorous and can eat meat at any time.
You cover ground quickly.
You are covered in thick fur. (AC +2)
You have a slow metabolism.
Your sharp claws are effective at attacking unaware monsters.


Message History

You see here 15 poisoned needles.
h - 6 scrolls labeled XOETTYU BAOCUJ (gained 1)
Found a stone staircase leading up.
You see here 15 poisoned needles.
You see here a ring mail.
You now have 648 gold pieces (gained 7).
Things that are here:
a club; a scale mail An ogre is nearby!
An ogre is nearby!
The ogre shouts!
The ogre hits you with a +0 giant club!!
Ouch! That really hurt!
* * * LOW HITPOINT WARNING * * *
The orc hits you but does no damage. The ogre misses you.
The orc completely misses you. The ogre misses you.
The orc hits you with a mace!
You die...
Your body crumbles into a pile of gold.

...........# ...........#
...........#
...#####################
...# ..........?#### ...#
............... ...#
...........####
.##################........
................@O.........
#.####.####.....$o...#....#
#..# #.# #.......#...# ##.#
##.# #.# #..####.#...# .
##.# #.# #..# #.#...# ##.#
#.# #..# #.###.#.###
##.###.# #..# #.# .#.#.###
##..##.# #..# #.#
.#.....###### ....##.#
#.#.........


You could see an ogre and an orc.

Vanquished Creatures
  The ghost of endorz the Vexing, an amateur SpEn of Dithmenos (D:5)
  3 ogres
  A scorpion (D:4)
  2 howler monkeys
  3 crimson imps (D:5)
  A hound (D:4)
  2 jellies (D:5)
  2 orc priests (D:5)
  A centaur skeleton (D:4)
  An iguana (D:4)
  3 worker ants
  4 orc wizards (D:5)
  5 adders
  An ooze (D:1)
  7 worms
  3 dart slugs
  5 leopard geckos
  13 orcs
  4 bats
  2 giant cockroaches
  6 goblins
  2 hobgoblins
  4 jackals (D:4)
  6 kobolds
  4 quokkas
  A ball python (D:1)
  6 frilled lizards
  A leopard gecko skeleton (D:5)
  A quokka skeleton (D:3)
  3 rats
98 creatures vanquished.

Vanquished Creatures (others)
  An orc (D:5)
1 creature vanquished.

Grand Total: 99 creatures vanquished

Notes
Turn   | Place    | Note
-------+----------+-------------------------------------------
     0 | D:1      | FullBlownAIDS the Felid Fighter began the quest for the Orb.
     0 | D:1      | Reached XP level 1. HP: 10/10 MP: 2/2
   169 | D:1      | Reached XP level 2. HP: 14/14 MP: 3/3
   441 | D:1      | Reached skill level 1 in Stealth
   756 | D:2      | Reached XP level 3. HP: 11/17 MP: 4/4
  1095 | D:2      | Found a faded altar of an unknown god.
  1100 | D:2      | Reached skill level 5 in Unarmed Combat
  1105 | D:2      | Became a worshipper of Gozag Ym Sagoz the Greedy
  2039 | D:3      | Reached XP level 4. HP: 7/21 MP: 5/5
  3028 | D:4      | Reached XP level 5. HP: 24/24 MP: 6/6
  3099 | D:4      | Reached skill level 6 in Unarmed Combat
  3194 | D:4      | Found a hide-covered altar of Uskayaw.
  3195 | D:4      | Found an opulent altar of Gozag.
  3198 | D:4      | Found a glowing golden altar of the Shining One.
  3361 | D:4      | Noticed an ogre
  3363 | D:4      | Killed an ogre
  3363 | D:4      | Reached skill level 5 in Stealth
  3363 | D:4      | Gained mutation: You are covered in thick fur. (AC +2) [Felid growth]
  3363 | D:4      | Reached XP level 6. HP: 24/28 MP: 7/7
  3479 | D:4      | Reached skill level 7 in Unarmed Combat
  3692 | D:5      | Entered Level 5 of the Dungeon
  3940 | D:5      | Slain by an ogre
  3941 | D:5      | Reached XP level 5. HP: 0/24 MP: 6/6
  3998 | D:5      | Reached XP level 6. HP: 14/28 MP: 7/7
  4265 | D:5      | Noticed endorz's ghost (amateur SpEn)
  4292 | D:5      | Killed endorz's ghost
  4369 | D:5      | Reached skill level 8 in Unarmed Combat
  4369 | D:5      | Reached XP level 7. HP: 27/31 MP: 8/8
  4373 | D:5      | Found Gudum's Antique Armour Shoppe.
  4974 | D:5      | Reached skill level 9 in Unarmed Combat
  4980 | D:5      | Slain by an orc
  4981 | D:5      | Reached XP level 6. HP: -2/28 MP: 7/7
  5108 | D:5      | Slain by an orc

Skill      XL: |  1  2  3  4  5  6  7 |
---------------+----------------------+-----
Stealth        | 1 2 3 5 6 8 |  8.0
Unarmed Combat | 5 6 8 9 |  9.0
Fighting       | |  3.0
Dodging        | |  4.0

Action                   |  1- 3 |  4- 6 |  7- 9 || total
-------------------------+-------+-------+-------++-------
Melee: Unarmed           |   100 |   152 |    53 ||   305
       Punch             |     2 |     4 |     2 ||     8
       Bite              |     2 |    16 |     7 ||    25
Invok: Potion Petition   |       |     1 |       ||     1
 Stab: Sleeping          |     5 |     9 |     1 ||    15
       Invisible         |       |     1 |       ||     1
       Distracted        |       |       |     4 ||     4
  Eat: Chunk             |     3 |       |       ||     3
Armor: Skin              |     1 |     8 |     5 ||    14
Dodge: Dodged            |    70 |   110 |    35 ||   215
